 Dungeon Crawl Stone Soup version 0.13-a0-3016-gcb2faac (webtiles) character file.

615 PolkaDot the Magician (level 6, 0/39 HPs)
             Began as a Vampire Wizard on Sept 12, 2013.
             Was an Initiate of Vehumet.
             Killed by divine providence
             ... invoked by an orc priest
              (16 damage)
             ... on Level 4 of the Dungeon.
             The game lasted 00:19:34 (4383 turns).

PolkaDot the Magician (Vampire Wizard)              Turns: 4383, Time: 00:19:34

HP   0/39        AC  4     Str  6      XL: 6   Next: 57%
MP   3/17        EV 12     Int 22      God: Vehumet [......]
Gold 207         SH  0     Dex 12      Spells:  5 memorised,  3 levels left

Res.Fire  : . . .   See Invis. : +   p - +1,+0 spear (venom)
Res.Cold  : + . .   Warding    : .   m - +0 robe {rC+}
Life Prot.: . . .   Conserve   : .   (no shield)
Res.Poison: .       Res.Corr.  : .   b - +0 wizard hat
Res.Elec. : .       Clarity    : .   d - +0 elf cloak
Sust.Abil.: . .     Spirit.Shd : .   (no gloves)
Res.Mut.  : .       Stasis     : .   h - +0 pair of elf boots
Res.Rott. : .       Flight     : .   (no amulet)
Saprovore : . . .                    (no ring)
                                     (no ring)

@: regenerating quickly, very slightly contaminated, slightly resistant to
hostile enchantments, quite stealthy
A: bottle blood, fangs 3, see invisible, unbreathing
a: Bottle Blood, Renounce Religion


You were on level 4 of the Dungeon.
You worshipped Vehumet.
Vehumet was pleased with you.
You were very full.

You visited 2 branches of the dungeon, and saw 6 of its levels.

You collected 187 gold pieces.

Inventory:

Hand weapons
 p - a +1,+0 spear of venom (weapon)
Armour
 b - a +0 wizard hat (worn)
 d - a +0 elven cloak (worn)
 h - a +0 pair of elven boots (worn)
 m - a +0 robe of cold resistance (worn)
Magical devices
 k - a wand of confusion (5)
 o - a wand of enslavement (12) {unknown}
Scrolls
 e - a scroll of remove curse {unknown}
 f - 2 scrolls of teleportation {unknown}
 j - a scroll of enchant weapon I
 l - a scroll of identify {unknown}
 n - a scroll of random uselessness {unknown}
Potions
 a - a potion of cure mutation {unknown}
 g - a potion of heal wounds
 i - 3 potions of curing
 q - 4 potions of blood
Books
 c - a book of Minor Magic

   Spells                             Type                      Level
   *Magic Dart                        Conjuration                  1
   *Blink                             Translocation                2
   Call Imp                           Summoning                    2
   *Repel Missiles                    Charms/Air                   2
   Slow                               Hexes                        2
   *Conjure Flame                     Conjuration/Fire             3
   *Mephitic Cloud                    Conjuration/Poison/Air       3


   Skills:
 - Level 2.1 Dodging
 - Level 3.0 Stealth
 + Level 4.5 Spellcasting
 * Level 3.5 Conjurations
   Level 1.0 Summonings
 - Level 0.7 Translocations
 + Level 2.4 Air Magic
 + Level 0.5 Poison Magic


You had 3 spell levels left.
You knew the following spells:

 Your Spells              Type           Power        Failure   Level  Hunger
a - Magic Dart            Conj           ###.         2%          1    None
d - Mephitic Cloud        Conj/Pois/Air  ##......     14%         3    ##.....
q - Repel Missiles        Chrm/Air       ##........   12%         2    None
s - Conjure Flame         Conj/Fire      ##......     17%         3    ##.....
w - Blink                 Tloc           N/A          14%         2    None


Dungeon Overview and Level Annotations

Branches:
Dungeon (5/27)             Temple (1/1) D:5

Altars:
Ashenzari
Cheibriados
Elyvilon
Kikubaaqudgha
Makhleb
Nemelex Xobeh
Sif Muna
Trog
Vehumet
Xom
Yredelemnul
the Shining One


Innate Abilities, Weirdness & Mutations

Your natural rate of healing is unusually fast.
You can bottle blood from corpses.
You have razor-sharp teeth.*
You have supernaturally acute eyesight.
You can survive without breathing.*


Message History

You miscast Magic Dart.
You are very lightly contaminated with residual magic.
Your hair stands on end.
The orc priest mumbles some strange prayers to Beogh against you.
Something smites you!
Casting: Magic Dart
Confirm with . or Enter, or press ? or * to list all spells.
Aiming: Magic Dart
Press: ? - help, Shift-Dir - straight line, f/p - orc priest
Aim: an orc priest, wielding an orcish hand axe and wearing an orcish leather armour (almost dead)
The magic dart hits the orc priest.
The orc priest is almost dead.
The orc priest completely misses you.
The orc priest becomes somewhat translucent.
You closely miss the orc priest.
The orc priest is almost dead.
The orc priest glows brightly for a moment.
The orc priest mumbles some strange prayers to Beogh against you.
Something smites you!
You die...

....# ##...# ..### #...#####
########...#...#
......##.......#
........#......## ***#*
............#)..# **...*
............#.%.####....*
.....###........#.>.....#**
................@o..o....,****
.................o.......,,,,*
.....................!..,,,,,*
........................,,,,,*
........................,,,***
......................(,,,****
.........,,......!....,,,, ,,*
........,,, .........*,,,,,,,*
.......,, ,,,,,...,,,*,,,,,,,*


You could see 2 orc priests and an orc.

Vanquished Creatures
  Sigmund (D:3)
  A giant frog (D:3)
  A hound (D:5)
  A scorpion (D:4)
  A worker ant (D:4)
  Ijyb (D:3)
  Jessica (D:3)
  5 adders
  2 giant mites
  A worm (D:3)
  5 giant geckos
  5 orcs (D:4)
  4 giant cockroaches
  8 hobgoblins
  9 jackals
  A quokka (D:2)
  2 ball pythons
  8 bats
  6 giant newts
  11 goblins
  5 kobolds
  10 rats
  A rat skeleton (D:4)
90 creatures vanquished.

Notes
Turn   | Place    | Note
--------------------------------------------------------------
     0 | D:1      | PolkaDot, the Vampire Wizard, began the quest for the Orb.
     0 | D:1      | Reached XP level 1. HP: 11/11 MP: 6/6
   250 | D:1      | Reached skill level 1 in Conjurations
   332 | D:1      | Reached XP level 2. HP: 17/17 MP: 2/8
   412 | D:1      | Paralysed by a potion of paralysis for 2 turns
   586 | D:1      | Learned a level 2 spell: Repel Missiles
   590 | D:1      | Learned a level 2 spell: Blink
  1286 | D:1      | Reached XP level 3. HP: 19/22 MP: 2/10
  1352 | D:1      | Learned a level 3 spell: Mephitic Cloud
  2080 | D:3      | Noticed Sigmund
  2195 | D:3      | Noticed Ijyb
  2222 | D:3      | Killed Ijyb
  2222 | D:3      | Reached XP level 4. HP: 28/28 MP: 0/12
  2510 | D:3      | Reached skill level 1 in Air Magic
  2769 | D:3      | Noticed a giant frog
  2785 | D:3      | Killed Sigmund
  2785 | D:3      | Reached skill level 4 in Spellcasting
  2785 | D:3      | Reached XP level 5. HP: 28/33 MP: 3/15
  2794 | D:3      | Killed a giant frog
  2894 | D:3      | Noticed Jessica
  2902 | D:3      | Killed Jessica
  2929 | D:3      | Learned a level 3 spell: Conjure Flame
  3260 | D:4      | Reached XP level 6. HP: 36/39 MP: 15/17
  3330 | D:5      | Entered Level 5 of the Dungeon
  3990 | D:5      | Found a staircase to the Ecumenical Temple.
  4000 | Temple   | Entered the Ecumenical Temple
  4106 | Temple   | Became a worshipper of Vehumet
  4383 | D:4      | Killed from afar by an orc priest

Action                   |  1- 3 |  4- 6 || total
-------------------------+-------+-------++-------
Melee: Unarmed           |    47 |       ||    47
       Dagger            |    16 |    34 ||    50
       Spear             |       |    39 ||    39
 Cast: Magic Dart        |    99 |    96 ||   195
       Mephitic Cloud    |     2 |     4 ||     6
 Abil: Bottle Blood      |       |     8 ||     8
Evoke: Wand              |       |     1 ||     1
  Use: Potion            |     5 |     4 ||     9
       Scroll            |     1 |     2 ||     3
 Stab: Sleeping          |     6 |     7 ||    13
       Confused          |       |     5 ||     5
       Distracted        |       |     1 ||     1
